 Seeded DCSS version 0.30.1-4-g462c640d31 (webtiles) character file.

Game seed: 6351066067085065685 (custom seed)

5 Esekla the Grave Robber (level 1, 0/10 HPs)
             Began as a Deep Elf Necromancer on Aug 31, 2023.
             Was an Initiate of Vehumet.
             Slain by a kobold
             ... wielding a +1 short sword of freezing
              (5 damage)
             ... on level 4 of the Dungeon.
             The game lasted 00:04:00 (512 turns).

Esekla the Grave Robber (Deep Elf Necromancer)       Turns: 512, Time: 00:04:00

Health: 0/10       AC:  3    Str:  5    XL:     1   Next: 66%
Magic:  6/6        EV: 12    Int: 19    God:    Vehumet [......]
Gold:   38         SH:  0    Dex: 15    Spells: 5/6 levels left

rFire   . . .        c - +0 short sword
rCold   . . .        (no shield)
rNeg    . . .        a - +0 robe
rPois   .            i - +0 helmet
rElec   .            (no cloak)
rCorr   .            (no gloves)
SInv    .            (no boots)
Will    .....        (no amulet)
Stlth   ++           (no ring)
HPRegen 0.21/turn    (no ring)
MPRegen 0.10/turn

%: no passive effects
@: no status effects
A: no striking features
a: Renounce Religion


You were on level 4 of the Dungeon.
You worshipped Vehumet.
Vehumet was noncommittal.
You visited 1 branch of the dungeon, and saw 4 of its levels.

You collected 38 gold pieces.

Inventory:

Hand Weapons
 c - a +0 short sword (weapon)
Armour
 a - a +0 robe (worn)
 i - a +0 helmet (worn)
Scrolls
 e - a scroll of fear {unknown}
 f - a scroll of identify {unknown}
Potions
 b - a potion of magic
 d - a potion of ambrosia {unknown}
 g - a potion of attraction {unknown}
 h - a potion of curing {unknown}
 j - a potion of mutation {unknown}


   Skills:
 * Level 2.6 Dodging
 + Level 2.4 Stealth
 * Level 3.1 Spellcasting
 + Level 5.0 Necromancy


You had 5 spell levels left.
You knew the following spells:

 Your Spells              Type           Power      Damage    Failure   Level
a - Necrotise             Necr           88%        1d8       1%          1

Your spell library contained the following spells:

 Spells                   Type           Power      Damage    Failure   Level
 Vampiric Draining        Necr           22%        2d7       6%          3
 Animate Dead             Necr           22%        N/A       19%         4
 Agony                    Necr           22%        N/A       47%         5


Dungeon Overview and Level Annotations

Branches:
Dungeon (4/15)
 Temple: D:4-7

Altars:
Okawaru
Vehumet
Zin


Message History

There is an open door here.
There is an open door here.
You open the door.
There is an open door here.
Found a helmet.
Found a leather armour.
Found an escape hatch in the floor.
Found 13 gold pieces and a rapier.
You see here a +0 helmet.
You start putting on your armour.
You continue putting on your +0 helmet. x4
You finish putting on your +0 helmet.
A worm comes into view.
Found a scroll labelled OPUZOUSOET.
There is an escape hatch in the ceiling here.
Found a lumpy dark potion and 11 gold pieces.
j - a lumpy dark potion You now have 38 gold pieces (gained 11).
You open the door.
There is an open door here.
You open the door.
There is an open door here.
Found a stone staircase leading down.
A kobold comes into view.
It is wielding a +1 short sword of freezing.
The kobold shouts!
The kobold throws a stone.
The stone completely misses you.
The kobold throws a stone.
The stone closely misses you.
There is an open door here.
There is a radiant altar of Vehumet here.
You kneel at the altar of Vehumet.
Vehumet welcomes you!
You start waiting.
A kobold is nearby!
You barely miss the kobold. The kobold completely misses you.
You closely miss the kobold.
The kobold hits you with a +1 short sword of freezing.
The kobold freezes you.
You hit the kobold.
The kobold is moderately wounded.
The kobold hits you with a +1 short sword of freezing.
Ouch! That really hurt!
You die...

.........### .....# .
..........####.....
..##.................
........K......#+#####
.....................
###......K.......###
#.#'....##.......# #
#.K##...##.......# #
#_.@#....#.......# #
#########....+.....K.###
#.._#_..#....#..........
.####+#####..#..##.............##
........'.'#.#.#'..#......#......
......###..#####...#.............
......###..........#.............
....#.##................#........
#####.##..........##....#.#+#####


You could see a kobold.

Vanquished Creatures
  3 ball pythons (D:1)
  A frilled lizard (D:1)
  A kobold (D:1)
5 creatures vanquished.

Notes
Turn   | Place    | Note
-------+----------+-------------------------------------------
     0 | D:1      | Esekla the Deep Elf Necromancer began the quest for the
                  | Orb.
     0 | D:1      | Reached XP level 1. HP: 10/10 MP: 6/6
   160 | D:1      | Reached skill level 5 in Necromancy
   330 | D:4      | Found a radiant altar of Vehumet.
   341 | D:4      | Found an iron altar of Okawaru.
   352 | D:4      | Found a glowing silver altar of Zin.
   504 | D:4      | Became a worshipper of Vehumet
   512 | D:4      | Slain by a kobold

Illustrated notes

Levels and vault maps discovered:
D:1:      sevenhm_arrival_forest_fort_small_3, layout_rooms,
          chequers_serial_rivers_room_b, minmay_misc_feat_five
D:2:      layout_loops_ring, dreamdust_ecumenical_altar_angels_and_demons,
          serial_shops, shop
D:3:      layout_basic, grunt_temple_overflow_open, minmay_misc_feat_iff
D:4:      layout_basic, nicolae_overflow_quartered_altars, serial_shops,
          nicolae_diamond_shop

Skill      XL: |  1 |
---------------+----+-----
Necromancy     | 5 |  5.0
Dodging        | |  2.6
Stealth        | |  2.4
Spellcasting   | |  3.1

Action                     || total
---------------------------++-------
  Melee: Short sword       ||    11
         Unarmed           ||     4
   Stab: Sleeping          ||     1
 Armour: Robe              ||     1
  Dodge: Dodged            ||    10
